 Dungeon Crawl Stone Soup version 0.20.2-3-g29329e0561 (webtiles) character file.

104 Alfie the Shooter (level 4, 0/37 HPs)
             Began as a Minotaur Hunter on May 4, 2020.
             Slain by Sigmund
             ... wielding a +0 scythe
              (9 damage)
             ... on level 3 of the Dungeon.
             The game lasted 00:04:44 (1754 turns).

Alfie the Shooter (Minotaur Hunter)                 Turns: 1754, Time: 00:04:45

Health: 0/37       AC:  4    Str: 18    XL:     4   Next: 52%
Magic:  3/3        EV: 12    Int:  8    God:
Gold:   88         SH:  0    Dex: 10    Spells: 3/3 levels left

rFire    . . .     SeeInvis .   b - +2 short sword
rCold    . . .     Gourm    .   (no shield)
rNeg     . . .     Faith    .   c - +0 leather armour
rPois    .         Spirit   .   (helmet restricted)
rElec    .         Reflect  .   (no cloak)
rCorr    .         Harm     .   (no gloves)
MR       .....                  g - +0 pair of boots
Stlth    +.........             (no amulet)
Regen    0.2/turn               (no ring)
MPRegen  0.1/turn               (no ring)

@: no status effects
A: retaliatory headbutt, horns 2
a: no special abilities


You were on level 3 of the Dungeon.
You were not hungry.

You visited 1 branch of the dungeon, and saw 3 of its levels.

You collected 88 gold pieces.

Inventory:

Hand Weapons
 a - a +3 shortbow
 b - a +2 short sword (weapon)
Missiles
 d - 51 arrows
Armour
 c - a +0 leather armour (worn)
 g - a +0 pair of boots (worn)
Scrolls
 e - 3 scrolls of identify {unknown}
 k - a scroll of recharging {unknown}
 l - a scroll of remove curse
 m - 3 scrolls of teleportation
 o - a scroll of fog {unknown}
Potions
 i - a potion of berserk rage {unknown}
 n - a potion of flight {unknown}
Comestibles
 f - 6 bread rations
 h - a royal jelly


   Skills:
 + Level 2.8 Fighting
 + Level 0.4 Short Blades
 + Level 6.0 Bows
 + Level 1.3 Armour
 + Level 2.4 Dodging
 + Level 0.8 Stealth


You had 3 spell levels left.
You didn't know any spells.

Dungeon Overview and Level Annotations

Branches:
Dungeon (3/15)

Altars:
Trog
The Shining One

Annotations:
D:2 1 runed door
D:3 Sigmund


Innate Abilities, Weirdness & Mutations

You reflexively headbutt those who attack you in melee.
You have a pair of horns on your head.


Message History

You hear some strange, mumbled words.
You are confused.
Something hits you!
You bump into the rock wall.
Something hits you but does no damage.
You bump into the rock wall.
You hear some strange, mumbled words.
A puff of flame appears from out of thin air!
The puff of flame hits you!
You bump into the rock wall.
Something hits you.
You bump into the rock wall.
You feel less confused.
You hit something. Something hits you.
You closely miss something. Your headbutt misses something. Something hits you.
You barely miss something. You barely miss something. Something hits you.
You closely miss something. Something hits you.
* * * LOW HITPOINT WARNING * * *
You closely miss something. Something hits you!
You die...

### #.( #.# #(#
#(# #####.#
#....@# #.###.#
###.# #...
#####...###...#
#...........###
#.###.###.###
#.# #.# .# #.#
..# # #.##.##


There were no monsters in sight!

Vanquished Creatures
  Jessica (D:2)
  3 adders (D:2)
  An ooze (D:1)
  A leopard gecko (D:2)
  3 giant cockroaches
  7 goblins
  12 hobgoblins
  A ball python (D:2)
  4 bats
  2 frilled lizards (D:1)
  5 kobolds
  5 rats
45 creatures vanquished.

Notes
Turn   | Place    | Note
-------+----------+-------------------------------------------
     0 | D:1      | Alfie the Minotaur Hunter began the quest for the Orb.
     0 | D:1      | Reached XP level 1. HP: 18/18 MP: 0/0
   143 | D:1      | Reached XP level 2. HP: 14/25 MP: 1/1
   235 | D:1      | Reached skill level 5 in Bows
   596 | D:1      | Reached XP level 3. HP: 30/30 MP: 2/2
   840 | D:2      | Reached skill level 1 in Armour
  1242 | D:2      | Found a glowing golden altar of the Shining One.
  1332 | D:2      | Reached XP level 4. HP: 37/37 MP: 3/3
  1606 | D:2      | Noticed Jessica
  1608 | D:2      | Killed Jessica
  1608 | D:2      | Reached skill level 6 in Bows
  1618 | D:2      | Found a bloodstained altar of Trog.
  1638 | D:2      | Found a runed door.
  1734 | D:3      | Noticed Sigmund
  1754 | D:3      | Slain by Sigmund

Skill      XL: |  1  2  3  4 |
---------------+-------------+-----
Bows           | 5 6 |  6.0
Armour         | 1 |  1.3
Fighting       | |  2.8
Short Blades   | |  0.4
Dodging        | |  2.4
Stealth        | |  0.8

Action                   |  1- 3 |  4- 6 || total
-------------------------+-------+-------++-------
Melee: Short sword       |    19 |     6 ||    25
       Headbutt          |     2 |       ||     2
 Fire: Shortbow          |    67 |    13 ||    80
  Use: Scroll            |     6 |       ||     6
  Eat: Fruit             |     1 |     2 ||     3
Armor: Leather armour    |     4 |     1 ||     5
Dodge: Dodged            |    19 |     1 ||    20
